 Dungeon Crawl Stone Soup version 0.18-a0-1551-g40744a8 (webtiles) character file.

1369 Tomstefer the Carver (level 8, -7/109 HPs)
             Began as a Minotaur Berserker on Mar 11, 2016.
             Was an Elder of Trog.
             Mangled by a komodo dragon (18 damage)
             ... on level 6 of the Dungeon.
             The game lasted 00:11:56 (5766 turns).

Tomstefer the Carver (Minotaur Berserker)           Turns: 5766, Time: 00:11:56

Health: -7/109     AC: 12    Str: 27    XL:     8   Next: 38%
Magic:  7/7        EV:  9    Int:  4    God:    Trog [****..]
Gold:   359        SH:  0    Dex: 12    Spells: 0 memorised, 7 levels left

rFire  + . .     SeeInvis .     F - +1 long sword
rCold  . . .     Gourm    .     q - +0 chain mail
rNeg   . . .     Faith    .     (no shield)
rPois  .         Spirit   .     (helmet restricted)
rElec  .         Dismiss  .     (no cloak)
rCorr  .         Reflect  .     D - +1 pair of gloves
SustAt .         Harm     .     v - +0 pair of boots
MR     .....                    (no amulet)
Stlth  ..........               (no ring)
                                m - ring of protection from fire

@: berserking, drained, very quick, not resistant to hostile enchantments,
extremely unstealthy
A: retaliatory headbutt, horns 2
a: Berserk, Trog's Hand, Brothers in Arms, Burn Spellbooks, Renounce Religion


You were on level 6 of the Dungeon.
You worshipped Trog.
Trog was greatly pleased with you.
You were not hungry.

You visited 1 branch of the dungeon, and saw 6 of its levels.

You collected 359 gold pieces.

Inventory:

Hand Weapons
 F - a +1 long sword (weapon)
Missiles
 p - 5 javelins of penetration (quivered)
Armour
 l - a +0 pair of gloves
 q - a +0 chain mail (worn)
 r - a +0 ring mail
 v - a +0 pair of boots (worn)
 D - a +1 pair of gloves (worn)
Jewellery
 m - a ring of protection from fire (left hand)
Wands
 w - a wand of digging (14/24)
 B - a wand of paralysis (11/24)
 G - a wand of paralysis (15/24)
Scrolls
 e - a scroll of recharging {unknown}
 f - 2 scrolls of fear
 k - 5 scrolls of teleportation
 y - 2 scrolls of enchant weapon
Potions
 d - 3 potions of agility
 g - a potion of ambrosia
 h - 2 potions of might {unknown}
 i - 3 potions of lignification {unknown}
 j - 2 potions of brilliance {unknown}
 n - 3 potions of mutation {unknown}
 o - 2 potions of curing {unknown}
 s - a potion of heal wounds
 u - a potion of invisibility
 z - a potion of flight
 A - a potion of berserk rage
Comestibles
 a - a slice of pizza
 b - 2 meat rations
 c - 4 bread rations
 t - 2 beef jerkies


   Skills:
 + Level 7.5(7.3) Fighting
 * Level 10.6(10.4) Long Blades
 + Level 3.6(3.4) Armour
 - Level 2.1(2.0) Dodging


You had 7 spell levels left.
You didn't know any spells.

Dungeon Overview and Level Annotations

Branches:
Dungeon (6/15)
 Temple: D:4-7

Altars:
Ashenzari
Gozag
Kikubaaqudgha
Makhleb
Nemelex Xobeh
Okawaru
Pakellas
Qazlal
Xom
Zin

Shops:
D:6 (


Innate Abilities, Weirdness & Mutations

You reflexively headbutt those who attack you in melee.
You have a pair of horns on your head.


Message History

You closely miss the komodo dragon.
The komodo dragon is almost dead.
The komodo dragon bites you!!
* * * LOW HITPOINT WARNING * * *
You are too injured to fight recklessly!
You are too injured to fight recklessly!
You are too injured to fight recklessly!
You are too injured to fight recklessly!
A red film seems to cover your vision as you go berserk!
You feel yourself moving faster!
You feel mighty!
You feel somewhat more hungry.
The komodo dragon bites you but does no damage.
You closely miss the komodo dragon.
The komodo dragon is almost dead.
The komodo dragon bites you!
* * * LOW HITPOINT WARNING * * *
You closely miss the komodo dragon.
The komodo dragon is almost dead.
The komodo dragon bites you!!
You die...

##.###............#
#..##.............
##.####...........
#..######........
##..# ######.....
#######.###.._####...
#.........'...#....##
##.........#)._#.####
#....@.....#######
#....l.........#
#..............#
##............##
###............#
#.............##
##............##
#............###
##.............##


You could see a komodo dragon.

Vanquished Creatures
  Prince Ribbit (D:6)
  A sky beast (D:5)
  An ice beast (D:6)
  2 ogres
  3 crimson imps
  3 orc priests
  2 hounds
  Jessica (D:2)
  Ijyb (D:3)
  3 iguanas (D:5)
  4 orc wizards
  4 worker ants
  A hound skeleton (D:5)
  A howler monkey zombie (D:6)
  3 gnolls (D:6)
  7 adders
  2 shadow imps
  An ooze (D:1)
  3 worms
  2 dart slugs
  3 giant geckos
  20 orcs
  5 bats
  4 giant cockroaches
  10 goblins
  5 hobgoblins
  13 jackals
  3 quokkas
  3 giant newts
  3 kobolds
  A quokka skeleton (D:5)
  6 rats
122 creatures vanquished.

Vanquished Creatures (others)
  5 sheep (D:4)
5 creatures vanquished.

Grand Total: 127 creatures vanquished

Notes
Turn   | Place    | Note
--------------------------------------------------------------
     0 | D:1      | Tomstefer the Minotaur Berserker began the quest for the Orb.
     0 | D:1      | Reached XP level 1. HP: 19/19 MP: 0/0
   280 | D:1      | Reached skill level 4 in Long Blades
   405 | D:1      | Reached XP level 2. HP: 24/27 MP: 1/1
   677 | D:2      | Found an oddly glowing altar of Pakellas.
   694 | D:2      | Reached XP level 3. HP: 33/33 MP: 2/2
   767 | D:2      | Noticed Jessica
   772 | D:2      | Killed Jessica
   772 | D:2      | Reached skill level 5 in Long Blades
   870 | D:2      | Reached ** piety under Trog
  1342 | D:2      | Found a faded altar to an unknown god.
  1388 | D:2      | Noticed an angel
  1389 | D:2      | Found a glowing silver altar of Zin.
  1549 | D:2      | Found an opulent altar of Gozag.
  1599 | D:2      | Reached XP level 4. HP: 33/41 MP: 3/3
  1888 | D:3      | Found a sparkling altar of Nemelex Xobeh.
  1892 | D:3      | Reached skill level 6 in Long Blades
  1898 | D:3      | Reached XP level 5. HP: 44/47 MP: 4/4
  2261 | D:3      | Reached *** piety under Trog
  2414 | D:3      | Noticed Ijyb
  2423 | D:3      | Killed Ijyb
  2423 | D:3      | Reached skill level 7 in Long Blades
  2536 | D:4      | Noticed an ogre
  2541 | D:4      | Killed an ogre
  2541 | D:4      | Reached skill level 5 in Fighting
  2541 | D:4      | Reached XP level 6. HP: 56/56 MP: 5/5
  2993 | D:4      | Found a shimmering altar of Xom.
  3019 | D:4      | Reached skill level 8 in Long Blades
  3190 | D:4      | Found an ancient bone altar of Kikubaaqudgha.
  3477 | D:5      | Entered Level 5 of the Dungeon
  3656 | D:5      | Reached XP level 7. HP: 60/62 MP: 6/6
  3689 | D:5      | Reached **** piety under Trog
  3894 | D:5      | Reached skill level 9 in Long Blades
  4334 | D:5      | Found a stormy altar of Qazlal.
  4716 | D:6      | Found Pisos's Weapon Shop.
  4815 | D:6      | Reached skill level 10 in Long Blades
  4815 | D:6      | Reached XP level 8. HP: 26/73 MP: 7/7
  5261 | D:6      | Noticed Prince Ribbit
  5340 | D:6      | Found a shattered altar of Ashenzari.
  5501 | D:6      | Found an iron altar of Okawaru.
  5578 | D:6      | Killed Prince Ribbit
  5631 | D:6      | Found a burning altar of Makhleb.
  5632 | D:6      | Found a shimmering altar of Xom.
  5750 | D:6      | Noticed a komodo dragon
  5766 | D:6      | Mangled by a komodo dragon

Vault maps used:
D:1:      zelgadis_glass_arrival_small, serial_bayou_ford_a
D:2:      nicolae_gozag_cash_rules_everything_around_me, grunt_pakellas_mercury,
          zin_angel, ecumenical_altar_2, uniq_jessica
D:3:      kennysheep_the_goblin_king, nemelex_deck, first_bread
D:4:      kiku_gazebo_garden_becter, kb_xom_exploding_sheep
D:5:      lemuel_crystal_altar
D:6:      grunt_temple_overflow_champion_of_chaos, cheibrodos_ashenzari_chains,
          basic_altar, serial_shops, kennysheep_mini, serial_column_ruins,
          column_ruins_circle_small, column_ruins_hut, column_ruins_grid_3,
          column_ruins_grid_1, column_ruins_columns_corner,
          column_ruins_open_small, column_ruins_open_large, column_ruins_grid_1,
          uniq_prince_ribbit1

Skill      XL: |  1  2  3  4  5  6  7  8 |
---------------+-------------------------+-----
Long Blades    | 4 5 6 7 8 10 | 10.6
Fighting       | 4 5 7 |  7.5
Armour         | 3 |  3.6
Dodging        | |  2.1

Action                   |  1- 3 |  4- 6 |  7- 9 || total
-------------------------+-------+-------+-------++-------
Melee: Falchion          |    85 |   140 |    27 ||   252
       Long sword        |       |       |    91 ||    91
Invok: Berserk           |       |     3 |     2 ||     5
  Use: Scroll            |       |       |    12 ||    12
  Eat: Chunk             |     2 |    10 |     5 ||    17
       Bread ration      |       |       |     1 ||     1
